 Dungeon Crawl Stone Soup version 0.18.1-5-g4a78601 (webtiles) character file.

193 epen the Ducker (level 5, -1/28 HPs)
             Began as a Spriggan Monk on May 12, 2016.
             Killed from afar by an orc wizard (8 damage)
             ... with a magic dart
             ... on level 3 of the Dungeon.
             The game lasted 00:06:35 (3901 turns).

epen the Ducker (Spriggan Monk)                     Turns: 3901, Time: 00:06:36

Health: -1/28      AC:  2    Str:  7    XL:     5   Next: 44%
Magic:  6/6        EV: 22    Int: 11    God:
Gold:   92         SH:  0    Dex: 20    Spells: 0 memorised, 4 levels left

rFire  . . .     SeeInvis +     o - +2 dagger (venom)
rCold  . . .     Gourm    .     a - +0 robe
rNeg   . . .     Faith    .     (shield restricted)
rPois  .         Spirit   .     (helmet restricted)
rElec  .         Dismiss  .     (no cloak)
rCorr  .         Reflect  .     (gloves unavailable)
SustAt .         Harm     .     (boots unavailable)
MR     .....                    e - amulet of rage
Stlth  +++.......               (no ring)
                                (no ring)

@: very quick, not resistant to hostile enchantments, fairly stealthy
A: unfitting armour, see invisible, herbivore 3, speed 3, slow metabolism 2
a: Evoke Berserk Rage


You were on level 3 of the Dungeon.
You were full.

You visited 1 branch of the dungeon, and saw 3 of its levels.

You collected 92 gold pieces.

Inventory:

Hand Weapons
 o - a +2 dagger of venom (weapon)
Missiles
 n - a throwing net (quivered)
Armour
 a - a +0 robe (worn)
Jewellery
 e - an amulet of rage (around neck)
Scrolls
 c - 2 scrolls of fear {unknown}
 f - a scroll of teleportation {unknown}
 g - a scroll of identify {unknown}
 j - a scroll of noise {unknown}
 k - a scroll of blinking {unknown}
 m - a scroll of remove curse {unknown}
Potions
 d - 2 potions of lignification {unknown}
 h - 2 potions of brilliance {unknown}
 i - 2 potions of ambrosia {unknown}
 l - 2 potions of curing {unknown}
Comestibles
 b - 2 bread rations


   Skills:
 + Level 2.8 Fighting
 + Level 1.6 Armour
 * Level 6.0 Dodging
 - Level 3.0 Stealth
 * Level 4.2 Unarmed Combat


You had 4 spell levels left.
You didn't know any spells.

Dungeon Overview and Level Annotations

Branches:
Dungeon (3/15)

Altars:
Gozag

Annotations:
D:3 Grinder


Innate Abilities, Weirdness & Mutations

You are tiny and cannot use many weapons and most armour.
You have supernaturally acute eyesight.
You are a herbivore.
You cover ground extremely quickly.
You need consume almost no food.


Message History

The orc misses you.
You hit the orc but do no damage.
The orc is almost dead.
You kill the orc!
An orc wizard opens the door.
The orc wizard completely misses you.
There is an open door here.
You barely miss the orc wizard. The orc wizard closely misses you.
You hit the orc wizard but do no damage.
The orc wizard hits you with a dagger of speed.
* * * LOW HITPOINT WARNING * * *
You are too injured to fight recklessly!
You are too injured to fight recklessly!
There's a creature in the doorway!
You closely miss the orc wizard.
The orc wizard hits you with a dagger of speed.
* * * LOW HITPOINT WARNING * * *
The orc wizard points at you and mumbles some strange words.
The magic dart hits you!
You die...

###.##### ##'##
#.......# ##...##
#.......# ##.....## #
#..(....###.....(.##
#.##.......##.........##
...........'.........'.
#.....)o##%........##
#.......###.......##
####@#### ##.....## #.#
##...## #.# ##'## #.#
#.# #.# #######.#
###.###.....#.##
#.....#........#####
#........>..........
#..........5...#####


You could see an orc wizard.

Vanquished Creatures
  Jessica (D:2)
  Ijyb (D:1)
  2 gnolls (D:3)
  5 adders
  An ooze (D:1)
  A worm (D:2)
  A dart slug (D:2)
  5 giant geckos
  4 orcs (D:3)
  4 bats
  2 giant cockroaches
  7 goblins
  8 hobgoblins
  2 jackals
  5 giant newts
  7 kobolds
  6 rats
62 creatures vanquished.

Notes
Turn   | Place    | Note
--------------------------------------------------------------
     0 | D:1      | epen the Spriggan Monk began the quest for the Orb.
     0 | D:1      | Reached XP level 1. HP: 11/11 MP: 2/2
   434 | D:2      | Noticed Ijyb
   690 | D:1      | Reached XP level 2. HP: 16/16 MP: 3/3
  1319 | D:1      | Reached XP level 3. HP: 19/19 MP: 4/4
  1487 | D:1      | Killed Ijyb
  1487 | D:1      | Reached skill level 5 in Dodging
  2108 | D:1      | Reached XP level 4. HP: 19/23 MP: 5/5
  2124 | D:1      | Reached skill level 1 in Armour
  2665 | D:2      | Noticed Jessica
  2675 | D:2      | Killed Jessica
  2685 | D:2      | Reached XP level 5. HP: 23/28 MP: 6/6
  2995 | D:2      | Found an opulent altar of Gozag.
  3252 | D:3      | HP: 1/28 [gnoll/flail (12)]
  3650 | D:3      | Noticed Grinder
  3715 | D:3      | Reached skill level 6 in Dodging
  3901 | D:3      | Killed from afar by an orc wizard

Skill      XL: |  1  2  3  4  5 |
---------------+----------------+-----
Dodging        | 5 6 |  6.0
Armour         | 1 |  1.6
Unarmed Combat | 4 |  4.2
Fighting       | |  2.8
Stealth        | |  3.0

Action                   |  1- 3 |  4- 6 || total
-------------------------+-------+-------++-------
Melee: Unarmed           |   154 |   166 ||   320
       Punch             |     1 |     2 ||     3
       Dagger            |       |    18 ||    18
 Stab: Sleeping          |     6 |     5 ||    11
       Distracted        |     2 |       ||     2
  Eat: Bread ration      |       |     1 ||     1
Armor: Robe              |     6 |     8 ||    14
Dodge: Dodged            |   132 |   152 ||   284
